 Dungeon Crawl Stone Soup version 0.32-a0-120-gfac0567ad4 (webtiles) character file.

Game seed: 17824286831572525571

65 cforsyth the Magician (level 4, 0/35 HPs)
             Began as a Djinni Warper on Feb 7, 2024.
             Killed by divine providence
             ... invoked by an orc priest
              (13 damage)
             ... on level 3 of the Dungeon.
             The game lasted 00:02:33 (1799 turns).

cforsyth the Magician (Djinni Warper)               Turns: 1799, Time: 00:02:33

Health: 0/35       AC:  3    Str: 16    XL:     4   Next: 35%
Gold:   49         EV: 12    Int: 16    God:
                   SH:  0    Dex: 13

rFire   + + .        a - +6 dagger "Zosivokk" {antimagic, Str+6}
rCold   x . .        e - orb {light}
rNeg    . . .        b - +0 leather armour
rPois   ∞            (no helmet)
rElec   .            (no cloak)
rCorr   .            (no gloves)
SInv    .            (boots unavailable)
Will    .....        (no amulet)
Stlth   +            (no ring)
HPRegen 0.25/turn    (no ring)
MPRegen 0.00/turn

%: infuse magic (-1 HP)
@: flying, glowing
A: sickness immunity, fire resistance 2, cold vulnerability 1, float, innate
caster, HP casting, extra vitality 1
a: no special abilities


You were on level 3 of the Dungeon.
You visited 1 branch of the dungeon, and saw 3 of its levels.

You collected 49 gold pieces.


Innate Abilities, Weirdness & Mutations

You are immune to sickness and miasma.
You are immune to poison.
Your flesh is very heat resistant. (rF++)
You are vulnerable to cold. (rC-)
You float through the air rather than walking.
You learn spells naturally, not from books.
Your magical power is your life essence.
You have superior vitality. (+4 MHP)


   Skills:
 + Level 3.3 Fighting
 - Level 1.7 Long Blades
 - Level 0.7 Throwing
 - Level 1.0 Armour
 - Level 2.1 Dodging
 + Level 3.5 Spellcasting
 + Level 3.5 Conjurations
 + Level 3.5 Hexes
 + Level 3.5 Summonings
 + Level 3.5 Necromancy
 + Level 3.5 Translocations
 + Level 3.5 Fire Magic
 + Level 3.5 Ice Magic
 + Level 3.5 Air Magic
 + Level 3.5 Earth Magic
 + Level 3.5 Alchemy


You knew the following spells:

 Your Spells              Type           Power      Damage    Failure   Level
l - Lesser Beckoning      Tloc           28%        N/A       8%          2
m - Manifold Assault      Tloc           14%        N/A       45%         4
t - Teleport Other        Tloc           14%        N/A       16%         3
z - Sting                 Conj/Alch      56%        1d6       4%          1
B - Blink                 Tloc           28%        N/A       8%          2
X - Vhi's Electric Charg  Tloc/Air       28%        N/A       45%         4
Your spell library was empty.

Inventory:

Hand Weapons
 a - the +6 dagger "Zosivokk" (weapon) {antimagic, Str+6}
   (You found it on level 2 of the Dungeon)

   Str+6:     It affects your strength (+6).
Missiles
 d - 6 darts of dispersal {=f=f}
Armour
 b - a +0 leather armour (worn)
 e - an orb of light (worn)
Scrolls
 c - a scroll of blinking
Potions
 g - a potion of might {unknown}
 i - a potion of invisibility {unknown}
 k - a potion of attraction {unknown}
 l - 2 potions of heal wounds {unknown}
 m - a potion of resistance {unknown}

Dungeon Overview and Level Annotations

Branches:
Dungeon (2/15)

Altars:

#.......#..........
#o......#..........
#†......#..........
#.......#.#........
#.......#.#.#######
#†#######.#.# . #.#
#.#.# .
#)#######.#.# .
#oo@......#.##### .
###########.....# .
#####.###. #.....
####.# #.# #.. ###


You could see 2 orc priests.


Message History

The orc priest shouts!
You hear a shout!
You kill the orc!
The orc priest calls down the wrath of Beogh upon you.
Beogh smites you!
You hear the slow rusting of a very distant drain.
You see here a giant cockroach corpse.
The orc priest looks braver for a moment.
You see here a ball python corpse.
You start resting.
An orc is nearby!
The sting hits the orc.
The orc is poisoned.
You kill the orc!
You can't see any susceptible monsters within range! (Use Z to cast anyway.)
You can't see any susceptible monsters within range! (Use Z to cast anyway.)
The sting hits the orc priest.
The orc priest is poisoned.
The orc priest is lightly wounded.
The sting hits the orc priest but does no damage.
The orc priest looks even sicker.
The orc priest is lightly wounded.
The orc priest closely misses you.
The sting hits the orc priest.
The orc priest looks even sicker.
The orc priest is heavily wounded.
The orc priest mumbles some strange prayers to Beogh against you.
Pain shoots through your body!
* * * LOW HITPOINT WARNING * * *
You puncture the orc priest!
The orc priest is almost dead.
The orc priest mumbles some strange prayers to Beogh against you.
Beogh smites you!
You die...

Skill      XL: |  1  2  3 |
---------------+----------+-----
Spellcasting   | 3 |  3.5
Conjurations   | 3 |  3.5
Hexes          | 3 |  3.5
Summonings     | 3 |  3.5
Necromancy     | 3 |  3.5
Translocations | 3 |  3.5
Fire Magic     | 3 |  3.5
Ice Magic      | 3 |  3.5
Air Magic      | 3 |  3.5
Earth Magic    | 3 |  3.5
Alchemy        | 3 |  3.5
Fighting       | 3 |  3.3
Long Blades    | |  1.7
Throwing       | |  0.7
Armour         | |  1.0
Dodging        | |  2.1

Action                     |  1- 3 |  4- 6 || total
---------------------------+-------+-------++-------
  Melee: Falchion          |    43 |       ||    43
         Dagger            |       |     6 ||     6
  Throw: Dart              |     1 |       ||     1
   Cast: Sting             |    32 |    24 ||    56
    Use: Scroll            |       |     3 ||     3
 Armour: Leather armour    |    30 |       ||    30
  Dodge: Dodged            |    34 |     4 ||    38

Levels and vault maps discovered:
D:1:      dpeg_arrival_rooms_a, layout_basic, minmay_pentomino_u4
D:2:      layout_loops_corners, basic_altar, chequers_serial_rivers_micro_d,
          minmay_misc_feat_secret_circle
D:3:      layout_basic, cheibrodos_sewer_entry_bend, gammafunk_ghost_necromancy

Notes
Turn   | Place    | Note
-------+----------+-------------------------------------------
     0 | D:1      | cforsyth the Djinni Warper began the quest for the Orb.
     0 | D:1      | cforsyth set off with the following spells memorised:
                  | Blink, Lesser Beckoning, Teleport Other, Manifold Assault,
                  | Vhi's Electric Charge.
     0 | D:1      | Reached XP level 1. HP: 18/18 MP: 0/0
    34 | D:1      | Reached skill level 3 in Spellcasting
    34 | D:1      | Reached skill level 3 in Conjurations
    34 | D:1      | Reached skill level 3 in Hexes
    34 | D:1      | Reached skill level 3 in Summonings
    34 | D:1      | Reached skill level 3 in Necromancy
    34 | D:1      | Reached skill level 3 in Translocations
    34 | D:1      | Reached skill level 3 in Fire Magic
    34 | D:1      | Reached skill level 3 in Ice Magic
    34 | D:1      | Reached skill level 3 in Air Magic
    34 | D:1      | Reached skill level 3 in Earth Magic
    34 | D:1      | Reached skill level 3 in Alchemy
   101 | D:1      | Reached XP level 2. HP: 23/23 MP: 0/0
   486 | D:1      | Reached XP level 3. HP: 29/29 MP: 0/0
   486 | D:1      | Learned a level 1 spell: Sting
  1328 | D:2      | Reached skill level 3 in Fighting
  1382 | D:2      | Reached XP level 4. HP: 31/35 MP: 0/0
  1478 | D:2      | Identified the +6 dagger "Zosivokk" {antimagic, Str+6}
  1681 | D:2      | You are sucked into a shaft and drop 1 floor!
  1799 | D:3      | Killed from afar by an orc priest

Vanquished Creatures
  An adder (D:2)
  2 ribbon worms
  4 dart slugs
  2 orcs (D:3)
  An endoplasm (D:1)
  3 giant cockroaches
  4 goblins
  2 hobgoblins (D:1)
  2 jackals (D:1)
  5 kobolds
  A quokka (D:2)
  3 ball pythons
  3 bats
  6 frilled lizards
  5 rats
44 creatures vanquished.

Table legend: (Time is in decaauts)
 A = Elapsed time spent in this place.
 B = Non-inter-level travel time spent in this place.
 C = Inter-level travel time spent in this place.
 D = Time resting spent in this place.
 E = Time spent auto-exploring this place.
 F = Levels seen in this place.
 G = Mean time per level.
                   A        B        C        D        E       F      G
               +--------+--------+--------+--------+--------+-----+--------+
         Total |   1805 |   1779 |     26 |      4 |   1444 |   3 |  601.7 |
       Dungeon |   1805 |   1779 |     26 |      4 |   1444 |   3 |  601.7 |
               +--------+--------+--------+--------+--------+-----+--------+

Top non-repeatable levels by time:
     D:1: 902 daAuts
     D:2: 785 daAuts
     D:3: 117 daAuts

Table legend:
 A = Non-vault XP
 B = Vault XP
 C = Vault XP percentage of total XP
 D = Non-vault monster count
 E = Vault monster count
 F = Vault count percentage of total count
                 A         B        C        D         E       F
            +---------+---------+-------+---------+---------+-------
      Total |      92 |       2 |   2.1 |      43 |       1 |   2.3
            +---------+---------+-------+---------+---------+-------
        D:1 |      34 |       2 |   5.6 |      18 |       1 |   5.3
        D:2 |      44 |       0 |   0.0 |      20 |       0 |   0.0
        D:3 |      14 |       0 |   0.0 |       5 |       0 |   0.0
            +---------+---------+-------+---------+---------+-------
